 Dungeon Crawl Stone Soup version 0.23.2 (webtiles) character file.

Game seed: 17613009263798255750

123 Revguard the Chopper (level 4, 0/37 HPs)
             Began as a Draconian Warper on Apr 1, 2019.
             Killed from afar by Natasha (10 damage)
             ... with a wand of flame (11)
             ... on level 3 of the Dungeon.
             The game lasted 00:08:38 (2414 turns).

Revguard the Chopper (Draconian Warper)             Turns: 2414, Time: 00:08:39

Health: 0/37       AC:  7    Str: 16    XL:     4   Next: 79%
Magic:  8/8        EV: 12    Int: 14    God:
Gold:   67         SH:  0    Dex: 10    Spells: 3/8 levels left

rFire    . . .     SeeInvis .   a - +0 hand axe
rCold    . . .     Gourm    .   (no shield)
rNeg     . . .     Faith    .   (armour unavailable)
rPois    .         Spirit   .   (helmet restricted)
rElec    .         Reflect  .   p - +0 cloak
rCorr    .         Harm     .   (no gloves)
MR       .....                  g - +0 pair of boots
Stlth    +.........             (no amulet)
HPRegen  0.12/turn              (no ring)
MPRegen  0.11/turn              (no ring)

@: slowed, very slow
A: unfitting armour, beak, strong 1, cold-blooded, AC +5
a: no special abilities


You were on level 3 of the Dungeon.
You were hungry.

You visited 1 branch of the dungeon, and saw 3 of its levels.

You collected 67 gold pieces.

Inventory:

Hand Weapons
 a - a +0 hand axe (weapon)
Missiles
 d - 5 tomahawks of dispersal (quivered)
Armour
 g - a +0 pair of boots (worn)
 p - a +0 cloak (worn)
Jewellery
 j - an uncursed ring of stealth
 m - an uncursed ring of fire
Scrolls
 b - a scroll of magic mapping {unknown}
 c - a scroll of blinking
 e - 2 scrolls of remove curse {unknown}
 h - 2 scrolls of enchant armour {unknown}
 i - 3 scrolls of immolation {unknown}
 l - a scroll of teleportation {unknown}
 o - 2 scrolls of amnesia {unknown}
Potions
 k - a potion of degeneration
 n - a potion of flight
Comestibles
 f - 2 rations


   Skills:
 + Level 2.9 Fighting
 + Level 3.4 Axes
 - Level 0.8 Throwing
 + Level 2.9 Dodging
 * Level 2.7 Spellcasting
 + Level 3.1 Translocations


You had 3 spell levels left.
You knew the following spells:

 Your Spells              Type           Power        Failure   Level  Hunger
a - Blink                 Tloc           N/A          9%          2    ###....
b - Gell's Gravitas       Tloc           ##........   19%         3    ###....

Your spell library contained the following spells:

 Spells                   Type           Power        Failure   Level  Hunger
 Shroud of Golubria       Chrm/Tloc      #.........   17%         2    ###....
 Lesser Beckoning         Tloc           ##........   19%         3    ###....
 Teleport Other           Tloc           ##......     19%         3    ###....
 Passage of Golubria      Tloc           N/A          52%         4    #####..


Dungeon Overview and Level Annotations

Branches:
Dungeon (3/15)

Altars:
Elyvilon

Annotations:
D:3 2 transporters, DasRunzen's ghost, amateur DrGl; Natasha


Innate Abilities, Weirdness & Mutations

Your plain brown scales are hard. (AC +5)
You cannot fit into any form of body armour.
You are cold-blooded and may be slowed by cold attacks.
You have a beak for a mouth.
Your muscles are strong. (Str +2)


Message History

The frilled lizard bites you but does no damage.
You hit the frilled lizard.
You kill the frilled lizard!
You are feeling hungry.
A worm and Natasha come into view.
Natasha hisses angrily.
Natasha zaps a wand.
The puff of flame hits you.
Natasha mumbles some strange words.
Natasha stares at you and mumbles some strange words.
You feel yourself slow down.
Natasha zaps a wand.
The puff of flame hits you.
Natasha zaps a wand.
The puff of flame misses you. Natasha claws you.
The crimson imp blinks!
Natasha claws you!
Natasha zaps a wand.
The puff of flame hits you!
* * * LOW HITPOINT WARNING * * *
You hit Natasha. Your peck misses Natasha.
Natasha is moderately wounded.
Natasha barely misses you.
Natasha zaps a wand.
The puff of flame hits you!
You die...

#.#.........#
#.#.........#
#.#....>....#
#.#.........#
#.#.........#
#.###########
#.# #.# #@#
#h# #w#
##.##########
#.5..........
#............
#............
#............
#............


You could see a worm, Natasha and a crimson imp.

Vanquished Creatures
  A bullfrog skeleton (D:2)
  2 adders (D:2)
  An ooze (D:3)
  A dart slug (D:1)
  3 leopard geckos
  An orc (D:3)
  4 giant cockroaches
  5 goblins
  5 hobgoblins
  3 jackals (D:2)
  11 kobolds
  2 quokkas (D:2)
  A ball python (D:2)
  11 bats
  5 frilled lizards
  8 rats
64 creatures vanquished.

Notes
Turn   | Place    | Note
-------+----------+-------------------------------------------
     0 | D:1      | Revguard the Draconian Warper began the quest for the Orb.
     0 | D:1      | Reached XP level 1. HP: 17/17 MP: 3/3
   114 | D:1      | Gained mutation: You have large cloven feet. [potion of
                  | mutation]
   114 | D:1      | Gained mutation: Your mind is acute. (Int +2) [potion of
                  | mutation]
   115 | D:1      | Lost mutation: You have large cloven feet. [potion of
                  | mutation]
   115 | D:1      | Lost mutation: Your mind is acute. (Int +2) [potion of
                  | mutation]
   115 | D:1      | Gained mutation: You have a beak for a mouth. [potion of
                  | mutation]
   115 | D:1      | Gained mutation: Your muscles are strong. (Str +2) [potion
                  | of mutation]
   134 | D:1      | Reached XP level 2. HP: 17/25 MP: 5/5
   418 | D:1      | Learned a level 2 spell: Blink
   601 | D:1      | Reached XP level 3. HP: 28/30 MP: 6/6
  1275 | D:2      | Reached XP level 4. HP: 32/37 MP: 7/7
  1571 | D:2      | Learned a level 3 spell: Gell's Gravitas
  2156 | D:3      | Found a white marble altar of Elyvilon.
  2193 | D:3      | Found a transporter.
  2227 | D:3      | Noticed a hungry ghost
  2232 | D:3      | Found a transporter.
  2233 | D:3      | Noticed DasRunzen's ghost (amateur DrGl)
  2400 | D:3      | Noticed Natasha
  2414 | D:3      | Killed from afar by Natasha

Skill      XL: |  1  2  3  4 |
---------------+-------------+-----
Axes           | 3 |  3.4
Fighting       | |  2.9
Throwing       | |  0.8
Dodging        | |  2.9
Spellcasting   | |  2.7
Translocations | |  3.1

Action                   |  1- 3 |  4- 6 || total
-------------------------+-------+-------++-------
Melee: Hand axe          |   116 |    70 ||   186
       Tailslap          |     7 |     7 ||    14
       Peck              |    16 |     6 ||    22
 Cast: Blink             |     5 |       ||     5
       Gell's Gravitas   |       |     2 ||     2
  Use: Potion            |     2 |       ||     2
       Scroll            |       |     3 ||     3
 Stab: Sleeping          |     2 |     1 ||     3
  Eat: Chunk             |     2 |     3 ||     5
Armor: Skin              |    52 |    33 ||    85
Dodge: Dodged            |   118 |    51 ||   169
